 Dungeon Crawl Stone Soup version 0.27-a0-249-g74f53ef629 (webtiles) character file.

Game seed: 12215243976290874733

265 Borgoz the Slasher (level 6, 0/51 HPs)
             Began as a Ghoul Gladiator on Feb 3, 2021.
             Slain by an orc
             ... wielding a +0 trident
              (7 damage)
             ... on level 4 of the Dungeon.
             The game lasted 00:02:13 (3082 turns).

Borgoz the Slasher (Ghoul Gladiator)                Turns: 3082, Time: 00:02:13

Health: 0/51       AC:  7    Str: 18    XL:     6   Next: 20%
Magic:  5/5        EV: 12    Int:  3    God:
Gold:   197        SH:  0    Dex: 12    Spells: 5/5 levels left

rFire    . . .     SeeInvis .   a - +0 long sword
rCold    + . .     Faith    .   (no shield)
rNeg     + + +     Spirit   .   i - +0 ring mail
rPois    ∞         Reflect  .   c - +0 helmet
rElec    .         Harm     .   (no cloak)
rCorr    .         Rampage  .   (no gloves)
Will     .....                  o - +0 pair of boots
Stlth    +.........             p - amulet of magic regeneration
HPRegen  0.00/turn              (no ring)
MPRegen  0.34/turn              (no ring)

@: no status effects
A: claws 1, cold resistance 1, negative energy resistance 3, inhibited
regeneration, torment resistance, unbreathing
a: no special abilities


You were on level 4 of the Dungeon.
You visited 1 branch of the dungeon, and saw 4 of its levels.

You collected 197 gold pieces.

Inventory:

Hand Weapons
 a - a +0 long sword (weapon)
Missiles
 d - 5 throwing nets (quivered)
Armour
 c - a +0 helmet (worn)
 i - a +0 ring mail (worn)
 o - a +0 pair of boots (worn)
Jewellery
 p - an amulet of magic regeneration (around neck)
Scrolls
 b - a scroll of noise {unknown}
 f - a scroll of fog
 g - a scroll of teleportation
 l - a scroll of magic mapping {unknown}
 n - 3 scrolls of remove curse
 q - a scroll of fear {unknown}
Potions
 j - a potion of brilliance {unknown}
 k - a potion of cancellation
 m - a potion of flight {unknown}


   Skills:
 + Level 3.3 Fighting
 * Level 3.9 Long Blades
 - Level 1.7 Throwing
 * Level 2.6 Armour
 * Level 3.9 Dodging


You had 5 spell levels left.
You didn't know any spells.
Your spell library was empty.

Dungeon Overview and Level Annotations

Branches:
Dungeon (4/15)
 Temple: D:4-7

Altars:


Innate Abilities, Weirdness & Mutations

You thrive by killing the living.
You are immune to poison.
You have sharp fingernails.
Your flesh is cold resistant. (rC+)
You are immune to negative energy. (rN+++)
You do not regenerate when monsters are visible.
You are immune to unholy pain and torment.
You can survive without breathing.


Message History

You feel agile.
You slash the orc priest!
The orc priest is almost dead.
The orc priest invokes the aid of Beogh against you.
Beogh smites you!
You barely miss the orc priest.
The orc priest is almost dead.
The orc priest calls down the wrath of Beogh upon you.
Beogh smites you!
* * * LOW HITPOINT WARNING * * *
The orc priest barely misses you.
You slash the orc priest!
You kill the orc priest!
You feel better. The hound barely misses you.
You riposte.
You completely miss the hound. You hit the hound.
The hound is moderately wounded.
The hound misses you.
The orc hits you from afar with a +0 trident!
You die...

#.# #. # #.#
## ##.## #.
#####...#####
##
#...........#
#
#.....###.#.#
# ......#
##..####.# #.
##..#.
#.......# #.
#....
#@)###### #.
##.#. #h#[# #
#. .o##.#
...o ..#
..... ###
###.# #. #


You could see a hound and 2 orcs.

Vanquished Creatures
  A bullfrog (D:3)
  3 orc priests (D:4)
  A hound (D:4)
  A worker ant (D:4)
  An adder (D:3)
  An ooze (D:1)
  3 dart slugs (D:1)
  2 orcs (D:3)
  7 bats
  3 giant cockroaches
  6 goblins
  A ball python (D:2)
  A frilled lizard (D:3)
  A jackal skeleton (D:3)
  4 kobolds
  7 rats
43 creatures vanquished.

Notes
Turn   | Place    | Note
-------+----------+-------------------------------------------
     0 | D:1      | Borgoz the Ghoul Gladiator began the quest for the Orb.
     0 | D:1      | Reached XP level 1. HP: 17/17 MP: 0/0
    68 | D:1      | Reached XP level 2. HP: 21/24 MP: 1/1
   416 | D:1      | Reached skill level 1 in Armour
   626 | D:1      | Reached XP level 3. HP: 30/30 MP: 2/2
  1501 | D:2      | Found a faded altar of an unknown god.
  2193 | D:3      | Noticed a bullfrog
  2207 | D:3      | Killed a bullfrog
  2208 | D:3      | Reached XP level 4. HP: 4/37 MP: 3/3
  2208 | D:3      | Reached XP level 5. HP: 5/44 MP: 4/4
  3079 | D:4      | Reached XP level 6. HP: 25/51 MP: 5/5
  3082 | D:4      | Slain by an orc

Illustrated notes

Levels and vault maps discovered:
D:1:      matt_arrival_grand_opening, layout_loops_ring
D:2:      layout_basic, chequers_ecumenical_altar_twisty
D:3:      layout_loops_ring, dk_noncrumbling_2
D:4:      layout_loops_corners

Skill      XL: |  1  2  3  4  5 |
---------------+----------------+-----
Armour         | 1 2 |  2.6
Long Blades    | 3 |  3.9
Dodging        | 3 |  3.9
Fighting       | 3 |  3.3
Throwing       | |  1.7

Action                   |  1- 3 |  4- 6 || total
-------------------------+-------+-------++-------
Melee: Long sword        |   108 |    38 ||   146
  Use: Scroll            |     6 |       ||     6
       Potion            |       |     2 ||     2
Armor: Leather armour    |     8 |       ||     8
       Ring mail         |    47 |    10 ||    57
Dodge: Dodged            |    78 |    39 ||   117
       Rpst.: Long sword |    27 |    13 ||    40

Table legend: (Time is in decaauts)
 A = Elapsed time spent in this place.
 B = Non-inter-level travel time spent in this place.
 C = Inter-level travel time spent in this place.
 D = Time resting spent in this place.
 E = Time spent auto-exploring this place.
 F = Levels seen in this place.
 G = Mean time per level.
                   A        B        C        D        E       F      G
               +--------+--------+--------+--------+--------+-----+--------+
         Total |   3115 |   3012 |    103 |    276 |   2373 |   4 |  778.8 |
       Dungeon |   3115 |   3012 |    103 |    276 |   2373 |   4 |  778.8 |
               +--------+--------+--------+--------+--------+-----+--------+

Top non-repeatable levels by time:
     D:3: 1023 daAuts
     D:2: 894 daAuts
     D:1: 887 daAuts
     D:4: 309 daAuts
